 Dungeon Crawl Stone Soup version 0.29.0-4-gdea44cf6ec (webtiles) character file.

Game seed: 9297961312260946336

2 qw the Grasshopper (level 1, -2/12 HPs)
             Began as a Tengu Warper on Aug 28, 2022.
             Slain by a kobold
             ... wielding a +0 short sword
              (4 damage)
             ... on level 1 of the Dungeon.
             The game lasted 00:00:00 (42 turns).

qw the Grasshopper (Tengu Warper)                     Turns: 42, Time: 00:00:00

Health: -2/12      AC:  3    Str: 11    XL:     1   Next: 30%
Magic:  4/4        EV: 11    Int: 13    God:
Gold:   19         SH:  0    Dex: 13    Spells: 4/4 levels left

rFire   . . .      SeeInvis .   a - +0 hand axe
rCold   . . .      Faith    .   (no shield)
rNeg    . . .      Spirit   .   b - +0 leather armour
rPois   .          Reflect  .   (helmet restricted)
rElec   .          Harm     .   (no cloak)
rCorr   .          Rampage  .   (no gloves)
Will    .....                   (boots unavailable)
Stlth   +.........              (no amulet)
HPRegen 0.04/turn               (no ring)
MPRegen 0.09/turn               (no ring)

@: no status effects
A: beak, talons 3
a: no special abilities


You were on level 1 of the Dungeon.
You visited 1 branch of the dungeon, and saw 1 of its levels.

You collected 19 gold pieces.


Innate Abilities, Weirdness & Mutations

You have a beak for a mouth.
You have claws for feet.


   Skills:
 - Level 2.0 Fighting
 + Level 2.4 Axes
 - Level 1.0 Throwing
 - Level 1.1 Armour
 - Level 2.1 Dodging
 - Level 2.0 Spellcasting
 - Level 2.4 Translocations


You had 4 spell levels left.
You didn't know any spells.
Your spell library contained the following spells:

 Spells                   Type           Power      Damage    Failure   Level
 Blink                    Tloc           14%        N/A       19%         2
 Gell's Gravitas          Tloc           7%         N/A       36%         3
 Lesser Beckoning         Tloc           7%         N/A       36%         3
 Teleport Other           Tloc           7%         N/A       36%         3
 Manifold Assault         Tloc           7%         N/A       98%         5

Inventory:

Hand Weapons
 a - a +0 hand axe (weapon)
Missiles
 d - 6 boomerangs of dispersal (quivered)
Armour
 b - a +0 leather armour (worn)
Scrolls
 c - a scroll of blinking

Dungeon Overview and Level Annotations

Branches:
Dungeon (1/15)

Altars:


Message History

The boomerang of dispersal hits the kobold.
The kobold blinks!
A ball python comes into view.
A frilled lizard comes into view.
27 ||| Stepping ~*~*~tactically~*~*~ (stealth).
A ball python and an endoplasm come into view.
The frilled lizard hisses angrily.
The endoplasm quivers.
29 ||| Stepping ~*~*~tactically~*~*~ (stealth).
31 ||| Stepping ~*~*~tactically~*~*~ (stealth).
You closely miss the frilled lizard. The frilled lizard misses you.
34 ||| Stepping ~*~*~tactically~*~*~ (stealth).
The frilled lizard attacks as you move away!
The frilled lizard bites you but does no damage.
You hit the frilled lizard.
You kill the frilled lizard!
You hit the ball python. You claw the ball python.
You kill the ball python!
You hit the endoplasm but do no damage. The endoplasm freezes you.
You are frozen.
You hit the endoplasm but do no damage. The endoplasm freezes you.
You are frozen.
You hit the endoplasm.
The endoplasm is heavily wounded.
The endoplasm closely misses you.
You barely miss the endoplasm. You claw the endoplasm.
The endoplasm is severely wounded.
The endoplasm closely misses you.
The endoplasm jiggles.
The endoplasm closely misses you.
You hit the endoplasm but do no damage. Your peck misses the endoplasm.
The endoplasm is severely wounded.
The endoplasm freezes you.
You are frozen.
You hit the endoplasm.
You kill the endoplasm!
The kobold hits you with a +0 short sword.
You die...

.... 7~P~.~ .S.
.K..~.~##
#..#.S.~ P..#
#...... ....#
###...........#
#....J. ......
#....$###.#.#
#.....##....##
###.....K@.....#
........##.....#
.........#.....#
###...##.......#
#... ###.....#
#... #.....####
#... #........#
###### ###
########.#
#.....
#.###.¤¤.>


You could see a kobold.

Vanquished Creatures
  A ball python (D:1)
  An endoplasm (D:1)
  A frilled lizard (D:1)
3 creatures vanquished.

Notes
Turn   | Place    | Note
-------+----------+-------------------------------------------
     0 | D:1      | qw the Tengu Warper began the quest for the Orb.
     0 | D:1      | Reached XP level 1. HP: 12/12 MP: 4/4
     0 | D:1      | 0 ||| qw: Version: 0.1-a-89-g26bdef1
     0 | D:1      | 0 ||| qw: Game counter: 310
     0 | D:1      | 0 ||| qw: Always use a shield: true
     0 | D:1      | 0 ||| qw: God list: Okawaru
     0 | D:1      | 0 ||| qw: Allow faded altars: false
     0 | D:1      | 0 ||| qw: Do Orc after D:15 true
     0 | D:1      | 0 ||| qw: Do second Lair branch before Depths: true
     0 | D:1      | 0 ||| qw: Lair rune preference: random
     0 | D:1      | 0 ||| qw: Plans: Normal
     0 | D:1      | 0 ||| PLANNING D:1-11
    27 | D:1      | 27 ||| Stepping ~*~*~tactically~*~*~ (stealth).
    29 | D:1      | 29 ||| Stepping ~*~*~tactically~*~*~ (stealth).
    31 | D:1      | 31 ||| Stepping ~*~*~tactically~*~*~ (stealth).
    34 | D:1      | 34 ||| Stepping ~*~*~tactically~*~*~ (stealth).
    41 | D:1      | HP: 2/12 [frozen (4)]
    42 | D:1      | Slain by a kobold

Levels and vault maps discovered:
D:1:      dpeg_arrival_fog, layout_rooms, chequers_serial_rivers_large_a,
          serial_bayou_pond_b

Action                   || total
-------------------------++-------
Melee: Hand axe          ||     9
       Kick              ||     2
Throw: Boomerang         ||     1
Armor: Leather armour    ||     1
Dodge: Dodged            ||     4

Table legend:
 A = Non-vault XP
 B = Vault XP
 C = Vault XP percentage of total XP
 D = Non-vault monster count
 E = Vault monster count
 F = Vault count percentage of total count
                 A         B        C        D         E       F
            +---------+---------+-------+---------+---------+-------
      Total |       0 |       5 | 100.0 |       0 |       3 | 100.0
            +---------+---------+-------+---------+---------+-------
        D:1 |       0 |       5 | 100.0 |       0 |       3 | 100.0
            +---------+---------+-------+---------+---------+-------
